 Dungeon Crawl Stone Soup version 0.25-a0-510-ge065f6de7d (webtiles) character file.

Game seed: 13492284486870051077, levelgen mode: deterministic

18 ReteAZ the Cudgeler (level 2, 0/23 HPs)
             Began as a Gnoll Wanderer on Feb 15, 2020.
             Slain by a rat (1 damage)
             ... on level 1 of the Dungeon.
             The game lasted 00:00:38 (354 turns).

ReteAZ the Cudgeler (Gnoll Wanderer)                 Turns: 354, Time: 00:00:38

Health: 0/23       AC:  2    Str: 13    XL:     2   Next: 70%
Magic:  2/2        EV: 13    Int: 15    God:
Gold:   28         SH:  0    Dex: 14    Spells: 2/2 levels left

rFire    . . .     SeeInvis .   a - +2 spear
rCold    . . .     Gourm    .   (no shield)
rNeg     . . .     Faith    .   d - +0 robe
rPois    .         Spirit   .   (no helmet)
rElec    .         Reflect  .   (no cloak)
rCorr    .         Harm     .   (no gloves)
MR       .....                  (no boots)
Stlth    ++........             (no amulet)
HPRegen  0.07/turn              (no ring)
MPRegen  0.08/turn              (no ring)

@: no status effects
A: distributed training, fangs 1, strong nose
a: no special abilities


You were on level 1 of the Dungeon.
You were not hungry.

You visited 1 branch of the dungeon, and saw 1 of its levels.

You collected 28 gold pieces.

Inventory:

Hand Weapons
 a - a +2 spear (weapon)
 b - a +0 mace
Armour
 d - a +0 robe (worn)
Jewellery
 h - a +3 ring of protection {unknown}
Potions
 c - a potion of lignification
 e - a potion of haste {unknown}
 i - a potion of heal wounds {unknown}
Comestibles
 f - 2 rations
 g - 5 chunks of flesh


   Skills:
 + Level 2.5 Fighting
 + Level 0.5 Short Blades
 + Level 0.5 Long Blades
 + Level 0.5 Axes
 + Level 6.5 Maces & Flails
 + Level 2.5 Polearms
 + Level 0.5 Staves
 + Level 0.5 Slings
 + Level 0.5 Bows
 + Level 0.5 Crossbows
 + Level 4.5 Throwing
 + Level 2.5 Armour
 + Level 2.5 Dodging
 + Level 2.3 Stealth
 + Level 0.5 Shields
 + Level 0.5 Unarmed Combat
 + Level 0.5 Spellcasting
 + Level 0.3 Conjurations
 + Level 0.3 Hexes
 + Level 0.3 Charms
 + Level 0.3 Summonings
 + Level 0.3 Necromancy
 + Level 0.3 Translocations
 + Level 0.3 Transmutations
 + Level 0.3 Fire Magic
 + Level 0.3 Ice Magic
 + Level 0.3 Air Magic
 + Level 0.3 Earth Magic
 + Level 0.3 Poison Magic
 + Level 0.6 Invocations
 + Level 0.5 Evocations


You had 2 spell levels left.
You didn't know any spells.
Your spell library was empty.

Dungeon Overview and Level Annotations

Branches:
Dungeon (1/15)

Altars:


Innate Abilities, Weirdness & Mutations

Your experience applies equally to all skills.
You have very sharp teeth.
Your uncanny sense of smell can sniff out nearby items.


Message History

You barely miss the leopard gecko.
The leopard gecko is almost dead.
The leopard gecko closely misses you.
You miss the leopard gecko.
The leopard gecko is almost dead.
The leopard gecko bites you.
* * * LOW HITPOINT WARNING * * *
The leopard gecko misses you.
You hit the leopard gecko.
The leopard gecko is almost dead.
The leopard gecko bites you.
* * * LOW HITPOINT WARNING * * *
You miss the leopard gecko.
The leopard gecko is almost dead.
The leopard gecko bites you.
* * * LOW HITPOINT WARNING * * *
You puncture the leopard gecko!
You kill the leopard gecko!
You completely miss the rat. Your bite misses the rat. The rat bites you.
You die...

....###' ##. #. ...#... ##..
. ...#... ## ...# .#
###..#..8 #.. .#.##.##
#....#... #.(#
##.#.....###.#.##..<
#....####..#............####
#$..$##.##.....##..##.##
#......wr@.######.###..#
#.#.?#####.....#..# ##.### #
#... #.###...#####.... ...##
...# #..........## #..#
###.# #.....>...... #.. #.#
#..#######... ... #.. ...#
##.. #.. .>####.# #.# ## #.#
#..


You could see a dart slug and a rat.

Vanquished Creatures
  2 leopard geckos (D:1)
  A giant cockroach (D:1)
  A goblin (D:1)
  2 hobgoblins (D:1)
  3 jackals (D:1)
  2 ball pythons (D:1)
  A frilled lizard (D:1)
  A kobold (D:1)
  2 rats (D:1)
15 creatures vanquished.

Notes
Turn   | Place    | Note
-------+----------+-------------------------------------------
     0 | D:1      | ReteAZ the Gnoll Wanderer began the quest for the Orb.
     0 | D:1      | ReteAZ set off with the following items: a +2 spear, a +0
                  | mace, a potion of lignification, a +0 robe, a ration
     0 | D:1      | Reached XP level 1. HP: 17/17 MP: 1/1
   261 | D:1      | Reached XP level 2. HP: 23/23 MP: 2/2
   352 | D:1      | HP: 1/23 [leopard gecko (2)]
   354 | D:1      | Slain by a rat

Levels and vault maps discovered:
D:1:      minmay_arrival_solitary_statue, layout_rooms, minmay_distorted

Action                   || total
-------------------------++-------
Melee: Spear             ||    50
       Bite              ||     2
 Stab: Sleeping          ||     4
Armor: Robe              ||     3
Dodge: Dodged            ||    24

Table legend:
 A = Non-vault XP
 B = Vault XP
 C = Vault XP percentage of total XP
 D = Non-vault monster count
 E = Vault monster count
 F = Vault count percentage of total count
                 A         B        C        D         E       F
            +---------+---------+-------+---------+---------+-------
      Total |      23 |       4 |  14.8 |      13 |       2 |  13.3
            +---------+---------+-------+---------+---------+-------
        D:1 |      23 |       4 |  14.8 |      13 |       2 |  13.3
            +---------+---------+-------+---------+---------+-------
